 Dungeon Crawl Stone Soup version 0.21-a0-504-g2eda33064f (webtiles) character file.

138 Kaname the Conjurer (level 5, 10/36 HPs)
             Began as a Demonspawn Wizard on Nov 26, 2017.
             Quit the game on level 3 of the Dungeon.
             The game lasted 00:06:36 (2133 turns).

Kaname the Conjurer (Demonspawn Wizard)             Turns: 2133, Time: 00:06:37

Health: 10/36      AC:  5    Str:  7    XL:     5   Next: 1%
Magic:  4/9        EV: 12    Int: 20    God:
Gold:   147        SH:  0    Dex: 12    Spells: 1/10 levels left

rFire    . . .     SeeInvis .   r - +2 short sword (elec)
rCold    . . .     Gourm    .   (no shield)
rNeg     . . .     Faith    .   a - +0 robe
rPois    .         Spirit   .   b - +0 hat
rElec    .         Reflect  .   u - +1 cloak
rCorr    .         Harm     .   (no gloves)
MR       .....                  (no boots)
Stlth    ++........             (no amulet)
HPRegen  0.12/turn              (no ring)
MPRegen  0.11/turn              (no ring)

@: no status effects
A: antennae 2, rugged brown scales 1, spiny 1
a: no special abilities


You were on level 3 of the Dungeon.
You were not hungry.

You visited 1 branch of the dungeon, and saw 3 of its levels.

You collected 147 gold pieces.

Inventory:

Hand Weapons
 e - a +0 dagger
 f - a -2 mace
 i - a cursed -2 hunting sling
 k - a +0 spear
 r - a +2 short sword of electrocution (weapon)
 t - a +4 quarterstaff of chaos
Armour
 a - a +0 robe (worn)
 b - a +0 hat (worn)
 u - a +1 cloak (worn)
Scrolls
 c - a scroll of enchant weapon
 g - a scroll of teleportation
 j - 2 scrolls of magic mapping
Potions
 h - a potion of brilliance {unknown}
 n - 3 potions of heal wounds {unknown}
 p - 2 potions of flight {unknown}
 q - a potion of might {unknown}
Comestibles
 d - 3 bread rations
 m - a meat ration


   Skills:
 - Level 1.7 Dodging
 - Level 1.7 Stealth
 - Level 3.0 Spellcasting
 - Level 4.1 Conjurations
   Level 1.0 Summonings
 - Level 1.0 Translocations
 + Level 1.0 Fire Magic
 - Level 1.0 Air Magic
 - Level 1.0 Poison Magic


You had one spell level left.
You knew the following spells:

 Your Spells              Type           Power        Failure   Level  Hunger
a - Magic Dart            Conj           ###.         2%          1    None
b - Blink                 Tloc           N/A          14%         2    ##.....
c - Mephitic Cloud        Conj/Pois/Air  ##......     19%         3    ###....
d - Conjure Flame         Conj/Fire      ##......     14%         3    ###....


Dungeon Overview and Level Annotations

Branches:
Dungeon (3/15)

Altars:
Fedhas
Trog

Annotations:
D:3 Ijyb


Innate Abilities, Weirdness & Mutations

You have a pair of antennae on your head.
You are partially covered in rugged brown scales. (AC +1, +3% HP)
You are partially covered in sharp spines.


Message History

It was a scroll of remove curse.
The worm is struck by your spines. The worm bites you but does no damage.
Wield which item (- for none, * to show all)? (? for menu, Esc to quit)
You hear the crackle of electricity.
r - a +2 short sword of electrocution (weapon)
You hit the worm but do no damage.
The worm is lightly wounded.
You barely miss the worm.
The worm is lightly wounded.
The worm barely misses you.
You hit the worm.
The worm is moderately wounded.
The worm completely misses you.
You hit the worm but do no damage. Lightning courses through the worm!
You kill the worm!
Your Fire Magic skill increases to level 1!
You have reached level 5!
Your demonic ancestry asserts itself...
Rugged brown scales grow over part of your body.
Are you sure you want to abandon this character and quit the game? (Confirm with "yes".)

............##
........#l...#
....o..l####(##
........##.†..#
#.....#.......#
##########....#
#(...# #..%.#
#@)(.# #†.)†#
#..(.# { #....#
#....# { ######


There were no monsters in sight!

Vanquished Creatures
  Crazy Yiuf (D:2)
  4 adders (D:2)
  2 oozes
  A worm (D:3)
  A dart slug (D:1)
  4 leopard geckos
  3 orcs (D:3)
  4 giant cockroaches
  7 goblins
  5 hobgoblins
  2 jackals (D:2)
  A ball python (D:3)
  7 bats
  4 frilled lizards
  3 kobolds
  10 rats
  A fungus (D:2)
60 creatures vanquished.

Notes
Turn   | Place    | Note
-------+----------+-------------------------------------------
     0 | D:1      | Kaname the Demonspawn Wizard began the quest for the Orb.
     0 | D:1      | Reached XP level 1. HP: 13/13 MP: 4/4
   109 | D:1      | Reached skill level 2 in Conjurations
   128 | D:1      | Gained mutation: You are partially covered in sharp spines. [demonic ancestry]
   128 | D:1      | Reached XP level 2. HP: 11/19 MP: 0/6
   146 | D:1      | Learned a level 2 spell: Blink
   515 | D:1      | Reached skill level 3 in Conjurations
   599 | D:1      | Reached skill level 1 in Translocations
   599 | D:1      | Gained mutation: You have a pair of small antennae on your head. [demonic ancestry]
   599 | D:1      | Reached XP level 3. HP: 22/24 MP: 5/7
   604 | D:1      | Learned a level 3 spell: Mephitic Cloud
  1310 | D:2      | Reached skill level 1 in Air Magic
  1409 | D:2      | Found a bloodstained altar of Trog.
  1415 | D:2      | Reached skill level 1 in Poison Magic
  1577 | D:2      | Gained mutation: You have a pair of antennae on your head. [demonic ancestry]
  1577 | D:2      | Reached XP level 4. HP: 30/30 MP: 3/8
  1682 | D:2      | Found a blossoming altar of Fedhas.
  1724 | D:2      | Learned a level 3 spell: Conjure Flame
  2005 | D:2      | Found a runed door.
  2009 | D:2      | Noticed Crazy Yiuf
  2023 | D:2      | Killed Crazy Yiuf
  2023 | D:2      | Reached skill level 4 in Conjurations
  2065 | D:3      | Noticed Ijyb
  2132 | D:3      | Reached skill level 1 in Fire Magic
  2132 | D:3      | Gained mutation: You are partially covered in rugged brown scales. (AC +1, +3% HP) [demonic ancestry]
  2132 | D:3      | Reached XP level 5. HP: 10/36 MP: 4/9
  2133 | D:3      | Quit the game

Vault maps used:
D:1:      onia_arrival_mini_spirals
D:2:      old_standard_altar, fedhas_altar_3, uniq_crazy_yiuf_cottage
D:3:      nicolae_overflow_hidden_temple, lemuel_doored_altar,
          eat_drink_and_be_merry_uskayaw, lemuel_crystal_altar, uniq_natasha,
          uniq_jessica, uniq_ijyb

Skill      XL: |  1  2  3  4 |
---------------+-------------+-----
Conjurations   | 2 3 4 |  4.1
Translocations | 1 |  1.0
Air Magic      | 1 |  1.0
Poison Magic   | 1 |  1.0
Fire Magic     | 1 |  1.0
Dodging        | |  1.7
Stealth        | |  1.7
Spellcasting   | |  3.0
Summonings     | |  1.0

Action                   |  1- 3 |  4- 6 || total
-------------------------+-------+-------++-------
Melee: Unarmed           |     8 |       ||     8
       Mace              |    43 |    29 ||    72
       Dagger            |     1 |       ||     1
       Short sword       |       |     4 ||     4
 Cast: Magic Dart        |    58 |    26 ||    84
       Mephitic Cloud    |       |     1 ||     1
  Use: Scroll            |     1 |     4 ||     5
 Stab: Sleeping          |     1 |     1 ||     2
       Confused          |       |     1 ||     1
  Eat: Chunk             |     2 |     2 ||     4
Armor: Robe              |    11 |     2 ||    13
Dodge: Dodged            |    41 |    10 ||    51

Table legend:
 A = Spawn XP
 B = Non-spawn XP
 C = Spawn XP percentage of total XP
 D = Spawn monster count
 E = Non-spawn monster count
 F = Spawn count percentage of total count
 G = Total turns spent on level
                    A         B        C        D         E        F      G
               +---------+---------+-------+---------+---------+-------+---------
         Total |       0 |     198 |   0.0 |       0 |      59 |   0.0 |  2133
               +---------+---------+-------+---------+---------+-------+---------
           D:1 |       0 |      51 |   0.0 |       0 |      31 |   0.0 |  1234
           D:2 |       0 |     119 |   0.0 |       0 |      19 |   0.0 |   831
           D:3 |       0 |      28 |   0.0 |       0 |       9 |   0.0 |    68
               +---------+---------+-------+---------+---------+-------+---------
